Map: [ESL] Alcyone

Players

ByuN - Winner!

  • Race: Terran Terran
  • Spawn Location: 7:00

Astrea

  • Race: Protoss Protoss
  • Spawn Location: 1:00

Event: IEM Katowice 2024

VOD

Have the link to the VOD?

Description

Time

  • Played on: Feb. 8, 2024, 11:23 a.m.
  • Length: 15:53

All games in this series

Show
View Real Time Build Order
Export as new Build Order

ByuN Terran - Winner!

Build Orders:  

Get SALT Encoding   

  12  0:00  SCV  
  13  0:12  SCV  
  14  0:17  Supply Depot  
  14  0:24  SCV  
  15  0:39  Barracks, SCV  
  16  0:44  Refinery  
  16  0:51  SCV  
  16  0:53  Refinery  
  17  1:03  SCV  
  18  1:15  SCV  
  19  1:25  Reaper  
  20  1:27  Orbital Command  
  20  1:41  Factory  
  20  1:51  Supply Depot  
  20  1:59  SCV  
  21  2:11  SCV  
  22  2:16  Command Center  
  22  2:23  SCV  
  22  2:24  Factory Reactor  
  23  2:30  Starport  
  23  2:35  SCV  
  24  2:43  Supply Depot  
  24  2:48  SCV  
  24  2:50  Barracks Tech Lab  
  25  3:00  SCV  
  25  3:03  Widow Mine x2  
  30  3:06  Medivac  
  30  3:09  Marine  
  30  3:12  SCV  
  34  3:24  SCV  
  34  3:25  Widow Mine x2  
  38  3:35  Orbital Command  
  38  3:36  SCV  
  39  3:45  Raven, Barracks  
  41  3:50  SCV  
  41  3:51  Marine  
  41  3:53  Marine  
  41  3:55  Orbital Command  
  44  3:56  Factory Tech Lab  
  44  4:02  SCV  
  45  4:06  Supply Depot  
  45  4:09  Marine  
  46  4:10  Marine  
  46  4:14  SCV  
  48  4:21  Siege Tank  
  51  4:24  SCV  
  51  4:26  SCV  
  51  4:27  Marine  
  51  4:28  Bunker, Marine  
  55  4:37  SCV  
  55  4:38  Supply Depot, SCV  
  57  4:44  Marine  
  58  4:46  Marine  
  58  4:49  Stimpack, SCV, Marine  
  58  4:50  SCV  
  62  4:55  Barracks, Starport Reactor  
  62  5:01  Factory Reactor, SCV, Refinery  
  62  5:02  SCV, Engineering Bay  
  62  5:04  Marine x2  
  66  5:08  Marauder  
  66  5:13  SCV  
  69  5:14  Supply Depot  
  69  5:17  Supply Depot  
  69  5:19  SCV  
  70  5:26  SCV  
  69  5:31  SCV  
  69  5:34  Marauder, Marine  
  70  5:36  Marine  
  70  5:38  SCV  
  70  5:41  Medivac  
  72  5:43  SCV  
  72  5:49  Marauder  
  69  5:50  Combat Shield, SCV  
  69  5:52  Terran Infantry Weapons Level 1  
  69  5:53  Supply Depot  
  69  5:55  Marine, SCV  
  69  5:56  Marine  
  75  5:57  Marauder  
  75  6:01  Refinery  
  75  6:02  SCV  
  76  6:05  Medivac  
  76  6:07  SCV  
  79  6:12  Medivac  
  79  6:15  SCV  
  82  6:19  Marine x2, SCV, Marauder x2  
  89  6:26  Widow Mine x2  
  89  6:28  Supply Depot  
  89  6:32  Supply Depot  
  93  6:37  Marine x2  
  95  6:40  Marauder  
  95  6:41  Marauder  
  95  6:44  SCV x2  
  101  6:51  Viking x2  
  104  7:07  Marine x2  
  100  7:10  Marauder  
  102  7:19  Marauder  
  102  7:20  Command Center  
  104  7:23  Medivac  
  104  7:24  Widow Mine  
  104  7:25  Marine  
  104  7:29  Marine  
  101  7:31  Marauder  
  101  7:37  Medivac  
  104  7:40  Marauder  
  104  7:43  Marine  
  107  7:48  Barracks  
  105  7:53  Barracks  
  105  7:55  Marauder  
  105  7:58  Marine  
  108  8:02  Medivac, Marauder  
  108  8:04  Widow Mine x2  
  108  8:05  SCV, Marine  
  117  8:11  Terran Infantry Armor Level 1, Medivac  
  120  8:15  SCV  
  120  8:18  SCV  
  122  8:24  Marine x2  
  122  8:25  Widow Mine  
  126  8:31  SCV x2, Ghost Academy  
  126  8:32  Orbital Command, Marauder x2  
  132  8:43  SCV x2  
  132  8:46  Concussive Shells  
  132  8:49  Barracks Reactor, Barracks Tech Lab  
  132  8:50  Marine x2  
  132  8:51  Medivac x2  
  138  8:56  SCV x2  
  140  9:03  Widow Mine  
  140  9:04  Widow Mine  
  140  9:05  Supply Depot  
  140  9:06  SCV  
  140  9:08  SCV x2  
  143  9:14  Refinery x2  
  143  9:18  Ghost x2  
  143  9:19  Ghost  
  149  9:26  Marine x4  
  149  9:29  Widow Mine x2  
  147  9:39  Sensor Tower  
  147  9:41  SCV x3  
  150  9:47  Marauder x2, Marine x2  
  150  9:48  Marine x2  
  150  9:49  Marauder  
  156  10:04  Medivac  
  155  10:08  Ghost  
  155  10:12  SCV  
  155  10:13  Command Center  
  157  10:18  Ghost, Supply Depot  
  157  10:19  Ghost, SCV, Supply Depot  
  151  10:30  Marine x2, Medivac  
  151  10:31  Marine x2  
  151  10:34  Medivac  
  152  10:36  SCV x2  
  152  10:37  SCV  
  152  10:38  Armory  
  152  10:40  Engineering Bay  
  155  10:55  Ghost  
  157  10:57  Ghost  
  157  10:58  Marine x4  
  157  11:03  Viking  
  165  11:04  Viking  
  165  11:06  Barracks  
  165  11:08  Barracks  
  165  11:09  Barracks  
  167  11:13  SCV x2  
  167  11:14  SCV  
  172  11:26  Marauder x2  
  172  11:27  Missile Turret  
  172  11:28  Missile Turret  
  173  11:35  SCV x2  
  173  11:36  SCV  
  175  11:40  Missile Turret  
  175  11:42  Factory Reactor  
  175  11:45  Marine x4  
  175  11:46  Ghost x3  
  181  11:47  Terran Infantry Armor Level 2  
  185  11:58  Terran Infantry Weapons Level 2  
  185  12:02  Barracks Reactor, Barracks Tech Lab, Missile Turret  
  185  12:03  Barracks Tech Lab  
  185  12:07  Starport  
  185  12:16  Planetary Fortress  
  185  12:17  SCV  
  185  12:18  SCV x2  
  185  12:20  Missile Turret  
  185  12:21  Refinery x2  
  188  12:33  Marine x2, Marauder x3  
  196  12:38  Terran Ship Weapons Level 1  
  196  12:47  Command Center  
  195  12:52  Viking  
  195  12:53  Viking  
  196  13:08  Command Center  
  196  13:17  Viking x2  
  200  13:22  Viking  
  200  13:26  Command Center x2  
  199  13:40  Marauder x2  
  199  13:41  Marauder  
  194  13:45  Viking  
  194  13:47  Viking x2  
  195  13:50  Fusion Core, Sensor Tower  
  195  13:52  Viking  
  197  14:07  Ghost  
  197  14:12  Ghost x2  
  197  14:13  Ghost  
  197  14:14  Marauder  
  197  14:15  Viking  
  191  14:21  Marine x2  
  191  14:22  Marine x2  
  188  14:26  Viking  
  182  14:35  Marauder  
  182  14:36  Marauder  
  182  14:38  Marine x2  
  186  14:42  Marauder x3  
  175  14:56  Marine x2  
  175  14:57  Marauder  
  175  14:58  Marauder  
  163  15:03  Marauder x3  
  163  15:06  Planetary Fortress  
  168  15:11  Widow Mine x2  
  168  15:13  Marine x2  
  172  15:14  Marine  
  172  15:18  Marauder  
  172  15:19  Marauder  
  177  15:24  Marauder  
  177  15:25  Missile Turret, Marauder  
  181  15:31  Marauder  
Show
View Real Time Build Order
Export as new Build Order

Astrea Protoss 

Build Orders: 1 Gate Expand, Blink Stalkers, Zealot Archon 

Get SALT Encoding   

  12  0:00  Probe  
  13  0:12  Probe  
  14  0:17  Pylon  
  14  0:24  Probe (Chrono Boost)  
  15  0:36  Gateway, Probe (Chrono Boost)  
  16  0:43  Probe (Chrono Boost)  
  16  0:45  Assimilator  
  17  0:51  Probe  
  18  1:03  Probe  
  19  1:15  Probe  
  20  1:23  Cybernetics Core  
  20  1:31  Nexus  
  22  1:42  Pylon  
  22  1:46  Probe  
  23  1:52  Assimilator  
  23  1:58  Stalker (Chrono Boost), Probe  
  23  2:09  Warp Gate  
  23  2:10  Probe  
  24  2:19  Adept (Chrono Boost)  
  24  2:22  Probe  
  27  2:34  Probe  
  28  2:38  Twilight Council  
  28  2:43  Stalker (Chrono Boost)  
  28  2:44  Probe  
  28  2:46  Probe  
  32  2:56  Probe  
  33  2:59  Probe  
  33  3:00  Gateway  
  34  3:08  Probe  
  34  3:11  Probe  
  36  3:17  Blink (Chrono Boost)  
  36  3:20  Probe  
  36  3:23  Probe  
  37  3:32  Probe  
  36  3:35  Probe  
  36  3:37  Robotics Facility  
  37  3:45  Probe  
  37  3:47  Probe  
  39  3:57  Probe  
  39  3:58  Stalker x2  
  39  3:59  Probe  
  39  4:00  Pylon  
  39  4:02  Pylon  
  45  4:06  Pylon  
  45  4:09  Probe  
  46  4:11  Gateway  
  46  4:18  Probe  
  46  4:21  Probe  
  48  4:24  Stalker x2  
  48  4:29  Assimilator  
  48  4:30  Probe  
  53  4:33  Probe  
  53  4:34  Warp Prism (Chrono Boost)  
  56  4:44  Probe  
  57  4:45  Probe  
  57  4:52  Assimilator  
  58  4:55  Pylon  
  58  4:56  Probe  
  59  5:01  Probe  
  59  5:02  Stalker x2  
  64  5:07  Observer  
  64  5:09  Probe  
  64  5:12  Pylon  
  66  5:18  Templar Archives  
  66  5:30  Stalker x3  
  66  5:32  Probe  
  67  5:45  Probe  
  63  5:50  Psionic Storm  
  63  5:54  Probe  
  63  5:56  Stalker  
  66  5:57  Stalker x2  
  70  6:11  Gateway  
  70  6:12  Gateway  
  70  6:16  Observer  
  68  6:19  Charge  
  68  6:21  Probe x2  
  68  6:22  Gateway  
  70  6:31  Observer  
  70  6:35  High Templar  
  70  6:39  Nexus  
  69  6:51  Probe x2  
  71  6:54  High Templar  
  73  7:02  Immortal (Chrono Boost)  
  73  7:03  Probe x2  
  79  7:12  Stalker x3  
  83  7:17  Zealot  
  85  7:27  Archon  
  80  7:44  Pylon, Probe x2 (Chrono Boost)  
  78  7:47  Pylon  
  78  7:48  Shield Battery  
  78  7:51  High Templar  
  78  7:54  Probe (Chrono Boost), Pylon  
  78  7:56  Probe x2 (Chrono Boost)  
  82  8:03  Probe (Chrono Boost), Pylon  
  82  8:04  High Templar, Probe x2 (Chrono Boost)  
  85  8:08  Probe (Chrono Boost)  
  85  8:10  Probe x2  
  85  8:11  Zealot  
  90  8:17  High Templar, Zealot x2  
  96  8:20  Probe  
  96  8:22  Probe x2  
  96  8:24  Observer  
  100  8:33  Probe  
  101  8:34  Probe x2  
  101  8:40  High Templar  
  105  8:42  Zealot x4  
  105  8:47  Observer  
  111  8:49  Probe  
  111  8:51  Stalker  
  111  8:55  Observer  
  113  8:57  Forge  
  113  9:02  Pylon  
  113  9:05  Shield Battery  
  113  9:07  Pylon  
  113  9:18  Nexus  
  113  9:19  Pylon  
  113  9:20  Immortal (Chrono Boost)  
  113  9:22  Probe x2  
  113  9:23  Pylon, Probe  
  120  9:28  Protoss Ground Weapons Level 1 (Chrono Boost)  
  120  9:29  Pylon  
  116  9:34  Probe  
  116  9:35  Pylon  
  117  9:42  Robotics Bay  
  117  9:43  Probe x2  
  117  9:45  Photon Cannon  
  119  9:46  Probe  
  119  9:49  Zealot x4  
  128  9:53  Observer (Chrono Boost)  
  128  9:55  Probe  
  128  9:57  Probe  
  128  9:59  Probe  
  131  10:01  Robotics Facility  
  131  10:04  Shield Battery  
  131  10:06  Photon Cannon  
  131  10:09  Probe  
  130  10:15  Zealot  
  130  10:16  Zealot x4  
  130  10:17  Probe  
  130  10:18  Probe  
  141  10:27  Probe  
  132  10:32  Pylon x2  
  132  10:34  Pylon, Colossus (Chrono Boost)  
  132  10:37  Extended Thermal Lance  
  134  10:43  Zealot  
  134  10:44  Zealot x2  
  134  10:47  Pylon  
  140  10:51  Colossus (Chrono Boost)  
  138  11:10  Pylon  
  138  11:11  High Templar  
  138  11:12  Probe  
  138  11:13  Probe x3  
  150  11:18  Nexus, Forge  
  150  11:23  Colossus (Chrono Boost), Pylon  
  150  11:25  Probe  
  151  11:33  Colossus (Chrono Boost)  
  151  11:35  Observer  
  151  11:36  Protoss Ground Weapons Level 2 (Chrono Boost)  
  151  11:37  Observer  
  157  11:44  Stalker  
  157  11:45  Zealot x5  
  169  11:48  Pylon  
  169  11:49  Gateway x2  
  169  11:53  Protoss Ground Armor Level 1 (Chrono Boost)  
  168  12:11  Observer  
  168  12:14  Pylon  
  168  12:16  Immortal (Chrono Boost)  
  168  12:21  Zealot x6  
  188  12:23  Observer  
  188  12:25  Probe x4  
  188  12:26  Immortal (Chrono Boost)  
  192  12:36  Robotics Facility  
  191  12:37  Probe  
  191  12:41  Nexus, Gateway  
  191  12:42  Gateway  
  191  12:44  Photon Cannon, Pylon  
  192  12:50  Gravitic Drive  
  181  12:55  High Templar  
  181  12:56  Zealot x7  
  197  13:01  Immortal  
  200  13:08  Assimilator x2  
  200  13:09  Pylon  
  200  13:29  Photon Cannon  
  200  13:30  Gateway, Photon Cannon  
  200  13:32  Gateway, Photon Cannon  
  200  13:33  Photon Cannon  
  200  13:35  Shield Battery  
  200  13:36  Shield Battery  
  200  13:40  Assimilator  
  200  13:41  Archon  
  176  13:45  High Templar x2  
  176  13:46  Zealot x8  
  192  13:49  Immortal  
  196  14:00  Gravitic Boosters  
  194  14:13  Zealot x8  
  196  14:20  Colossus (Chrono Boost)  
  194  14:28  Zealot x3, Colossus (Chrono Boost)  
  196  14:35  Archon  
  196  14:52  Zealot x12  
  174  14:57  Colossus (Chrono Boost)  
  140  15:14  High Templar  
  140  15:15  High Templar  
  140  15:16  Zealot x7  
  158  15:26  Probe x3  
  161  15:32  Nexus  
  161  15:33  Pylon, Stalker x3  
  151  15:38  Stalker x2  
  123  15:43  Zealot x3  
  123  15:49  Stalker  
  113  15:50  Stalker x2  

Tags
 
Add a new tag
Caveats
  • Supply blocks, unpowered buildings, or Contaminate may cause inaccurate times.
  • Supply counts are checked every 10 seconds.